 Dungeon Crawl Stone Soup version 0.23.2-1-ga50397a (webtiles) character file.

Game seed: 3976928640441678904

2891 xveg the Slinger (level 10, -6/69 HPs)
             Began as a Halfling Hunter on May 15, 2019.
             Was a Believer of Uskayaw.
             Mangled by Harold
             ... wielding a +0 broad axe of chopping
              (18 damage)
             ... on level 7 of the Dungeon.
             The game lasted 00:09:46 (5622 turns).

xveg the Slinger (Halfling Hunter)                  Turns: 5622, Time: 00:09:47

Health: -6/69      AC: 13    Str: 16    XL:     10   Next: 5%
Magic:  10/10      EV: 10    Int:  9    God:    Uskayaw [**....]
Gold:   338        SH:  0    Dex: 16    Spells: 9/9 levels left

rFire    . . .     SeeInvis .   a - +2 hunting sling
rCold    . . .     Gourm    .   (shield restricted)
rNeg     . . .     Faith    .   i - +2 chain mail
rPois    .         Spirit   .   (no helmet)
rElec    .         Reflect  .   o - +0 cloak
rCorr    .         Harm     .   (no gloves)
MR       .....                  (no boots)
Stlth    ..........             v - amulet of regeneration
HPRegen  0.61/turn              (no ring)
MPRegen  0.12/turn              (no ring)

@: about to teleport, marked
A: small, mutation resistance 1
a: Stomp, Line Pass, Renounce Religion


You were on level 7 of the Dungeon.
You worshipped Uskayaw.
Uskayaw was noncommittal.
You were full.

You visited 2 branches of the dungeon, and saw 8 of its levels.

You collected 338 gold pieces.

Inventory:

Hand Weapons
 a - a +2 hunting sling (weapon)
 b - a +0 short sword
Missiles
 l - 202 stones (quivered)
 y - 23 sling bullets
Armour
 c - a +0 leather armour
 i - a +2 chain mail (worn)
 o - a +0 cloak (worn)
Jewellery
 q - a cursed ring of teleportation
 v - an amulet of regeneration (around neck)
Wands
 d - a wand of flame (24)
 k - a wand of paralysis (6)
 t - a wand of polymorph (6)
 z - a wand of digging (5)
 B - a wand of disintegration (9)
Scrolls
 j - 6 scrolls of identify
 m - a scroll of teleportation
 p - a scroll of random uselessness {unknown}
 x - a scroll of magic mapping {unknown}
 A - 3 scrolls of remove curse
Potions
 e - 2 potions of degeneration
 g - 2 potions of flight
 h - a potion of mutation {unknown}
 n - a potion of heal wounds {unknown}
 r - a potion of agility {unknown}
 s - 3 potions of curing
 u - a potion of might
 w - 2 potions of berserk rage {unknown}
 C - 2 potions of lignification {unknown}
Comestibles
 f - 3 rations


   Skills:
 + Level 6.5 Fighting
 + Level 1.5 Short Blades
 + Level 13.9 Slings
 * Level 6.2 Armour
 + Level 2.4 Dodging
 + Level 1.1 Stealth


You had 9 spell levels left.
You didn't know any spells.
Your spell library contained the following spells:

 Spells                   Type           Power        Failure   Level  Hunger
 Corona                   Hex            #......      99%         1    ##.....
 Shock                    Conj/Air       #...         99%         1    ##.....
 Ensorcelled Hibernation  Hex/Ice        #.....       100%        2    ###....
 Confuse                  Hex            #.......     100%        3    ####...
 Dazzling Spray           Conj/Hex       #.....       100%        3    ####...
 Regeneration             Chrm/Necr      #.........   100%        3    ####...
 Tukima's Dance           Hex            #.......     100%        3    ####...
 Silence                  Hex/Air        #.........   100%        5    ######.
 Freezing Cloud           Conj/Ice/Air   #.........   100%        6    #######


Dungeon Overview and Level Annotations

Branches:
Dungeon (7/15)             Temple (1/1) D:4

Altars:
Ashenzari
Cheibriados
Dithmenos
Elyvilon
Fedhas
Gozag
Hepliaklqana
Kikubaaqudgha
Makhleb
Nemelex Xobeh
Okawaru
Qazlal
Ru
Sif Muna
Trog
Uskayaw
Vehumet
Wu Jian
Xom
Yredelemnul
Zin
The Shining One

Shops:
D:6 !

Annotations:
D:7 Harold


Innate Abilities, Weirdness & Mutations

You are small and have problems with some larger weapons.
You are somewhat resistant to further mutation.


Message History

The mark upon you grows brighter.
Firing (i - inventory. (/) - cycle)
l - 204 stones (quivered)
Press: ? - help, Shift-Dir - straight line, f/p - Harold
Aim: Harold, wielding a +0 broad axe of chopping, wearing a +3 chain mail and carrying a wand of iceblast (9) (lightly wounded)
You shoot a stone. The stone closely misses Harold.
Firing (i - inventory. (/) - cycle)
l - 203 stones (quivered)
Press: ? - help, Shift-Dir - straight line, f/p - Harold
Aim: Harold, wielding a +0 broad axe of chopping, wearing a +3 chain mail and carrying a wand of iceblast (9) (lightly wounded)
You shoot a stone. The stone hits Harold.
Harold is lightly wounded.
Harold hits you with a +0 broad axe of chopping!
* * * LOW HITPOINT WARNING * * *
x2
As you read the scroll of teleportation, it crumbles to dust.
You feel strangely unstable.
Aiming: Disintegrate
Press: ? - help, Shift-Dir - straight line, f/p - Harold
Aim: Harold, wielding a +0 broad axe of chopping, wearing a +3 chain mail and carrying a wand of iceblast (9) (lightly wounded, chance to defeat MR: 30%) Harold is blasted!!
Harold hits you with a +0 broad axe of chopping!!
You die...

.................
.#####.#........# #
#.#...#.#### #.
#####.#...#.# #(.
...##.#...#.#
#..###.#.##)......#
.##...#.##.##.#...#.#
#
#.....@(##.##.#...#.#
#
(##...(@...##........
#
............<...>.....
#
###........##.......#.
# #..#.##..###.#......
# #..#. #..#
.#.#.##... #. #. #..#
.# #.# ### #. ## #..#
.. # # #..# ## # ...#


You could see Harold.

Vanquished Creatures
  A hippogriff (D:7)
  Sigmund (D:6)
  Duvessa (D:4)
  A sky beast (D:6)
  A black bear (D:7)
  4 ogres
  3 bullfrogs
  A water moccasin zombie (D:6)
  Dowan (D:4)
  A water moccasin skeleton (D:6)
  5 scorpions
  5 wights (D:6)
  2 howler monkeys
  2 crimson imps
  4 hounds
  4 orc priests
  7 orc wizards
  A bullfrog skeleton (D:5)
  A centaur skeleton (D:6)
  Jessica (D:3)
  2 iguanas
  Ijyb (D:5)
  2 worker ants
  A hound zombie (D:7)
  A worker ant zombie (D:6)
  5 adders
  A howler monkey skeleton (D:4)
  2 shadow imps
  2 oozes
  3 worms
  A dart slug (D:3)
  4 leopard geckos
  29 orcs
  3 ball pythons
  A giant cockroach (D:1)
  3 goblins
  9 hobgoblins
  24 jackals
  11 kobolds
  7 quokkas
  5 bats
  5 frilled lizards
  A leopard gecko zombie (D:5)
  13 rats
183 creatures vanquished.

Vanquished Creatures (others)
  A sky beast (D:5)
1 creature vanquished.

Grand Total: 184 creatures vanquished

Notes
Turn   | Place    | Note
-------+----------+-------------------------------------------
     0 | D:1      | xveg the Halfling Hunter began the quest for the Orb.
     0 | D:1      | Reached XP level 1. HP: 14/14 MP: 1/1
    14 | D:1      | Reached skill level 6 in Slings
   159 | D:1      | Reached XP level 2. HP: 19/19 MP: 2/2
   579 | D:1      | Reached XP level 3. HP: 23/24 MP: 3/3
  1048 | D:2      | Reached skill level 7 in Slings
  1183 | D:2      | Reached skill level 1 in Armour
  1271 | D:2      | Reached XP level 4. HP: 29/29 MP: 4/4
  1854 | D:3      | Noticed Jessica
  1865 | D:3      | Killed Jessica
  1865 | D:3      | Reached XP level 5. HP: 34/34 MP: 5/5
  1901 | D:3      | Reached skill level 8 in Slings
  2094 | D:3      | Found a sparkling altar of Nemelex Xobeh.
  2172 | D:3      | Found a faded altar of an unknown god.
  2717 | D:4      | Found a staircase to the Ecumenical Temple.
  2813 | D:4      | Reached XP level 6. HP: 41/41 MP: 6/6
  2822 | D:4      | Reached skill level 9 in Slings
  2934 | D:4      | Reached XP level 7. HP: 45/45 MP: 7/7
  2970 | D:4      | Reached skill level 10 in Slings
  3057 | D:4      | Noticed Dowan
  3093 | D:4      | Killed Dowan
  3166 | D:4      | Noticed Duvessa
  3183 | D:4      | Killed Duvessa
  3355 | Temple   | Entered the Ecumenical Temple
  3406 | Temple   | Became a worshipper of Uskayaw the Reveler
  3528 | D:4      | Reached * piety under Uskayaw
  3533 | D:4      | Reached ** piety under Uskayaw
  3534 | D:4      | Reached skill level 11 in Slings
  3534 | D:4      | Reached XP level 8. HP: 24/53 MP: 8/8
  3743 | D:5      | Entered Level 5 of the Dungeon
  3749 | D:5      | Reached *** piety under Uskayaw
  3760 | D:5      | Reached **** piety under Uskayaw
  3769 | D:5      | Reached ***** piety under Uskayaw
  4026 | D:5      | Reached skill level 12 in Slings
  4079 | D:5      | Identified the Compendium of Protection and the Birds
  4130 | D:5      | Noticed Ijyb
  4137 | D:5      | Killed Ijyb
  4193 | D:5      | Reached XP level 9. HP: 56/59 MP: 9/9
  4613 | D:6      | Found Kauffiug's Distillery.
  4647 | D:6      | Reached skill level 1 in Short Blades
  4684 | D:6      | Reached skill level 5 in Fighting
  4709 | D:6      | Reached skill level 5 in Armour
  4717 | D:6      | Reached skill level 13 in Slings
  4765 | D:6      | Noticed Sigmund
  4878 | D:6      | Killed Sigmund
  5499 | D:7      | Noticed a hippogriff
  5517 | D:7      | Killed a hippogriff
  5517 | D:7      | Reached XP level 10. HP: 68/69 MP: 10/10
  5593 | D:7      | Noticed Harold
  5622 | D:7      | Mangled by Harold

Skill      XL: |  1  2  3  4  5  6  7  8  9 |
---------------+----------------------------+-----
Slings         | 6 7 8 9 11 12 13 | 13.9
Armour         | 1 2 3 4 6 |  6.2
Fighting       | 2 3 4 6 |  6.5
Short Blades   | 1 |  1.5
Dodging        | |  2.4
Stealth        | |  1.1

Action                   |  1- 3 |  4- 6 |  7- 9 | 10-12 || total
-------------------------+-------+-------+-------+-------++-------
Melee: Short sword       |       |       |    21 |       ||    21
 Fire: Hunting sling     |   121 |   240 |   474 |    26 ||   861
Evoke: Wand              |       |       |       |     1 ||     1
  Use: Scroll            |       |     3 |     8 |     1 ||    12
       Potion            |       |       |     4 |       ||     4
  Eat: Chunk             |       |     3 |     2 |       ||     5
       Ration            |       |     1 |     3 |       ||     4
Armor: Leather armour    |     1 |       |       |       ||     1
       Chain mail        |    27 |    51 |    94 |     2 ||   174
Dodge: Dodged            |    31 |    46 |    69 |     9 ||   155
